Cogmind - Beta 11.1 @@@ ROGUE MODE // 2022.04.28 @ 14:07:08 Player: RNGesus Result: Destroyed by G-34 Mercenary with Small Laser Performance ------------- Evolutions (0) 0 Regions Visited (2) 400 Robots Destroyed (20) 100 Value Destroyed (366) 366 Prototype IDs (0) 0 Alien Tech Used (0) 0 Bonus (0) 0 TOTAL SCORE: 866 Bonus ------- None Cogmind --------- Core Integrity 0/250 Matter 267/300 Energy 124/125 System Corruption 2% Temperature Cool (6) Movement Treading (240) Ox1 Location -10/Mines Parts ------- > --- POWER (1) -------- Light Ion Engine > --- PROPULSION (2) --- Light Treads Improved Treads > --- UTILITY (2) ------ High-capacity Storage Unit Light Armor Plating > --- WEAPON (2) ------- Assault Rifle > --- INVENTORY (20) --- Light Treads Light Treads Improved Treads Improved Treads Wheel Improved Heat Sink Structural Scanner Seismic Detector Seismic Detector Transport Network Coupler Light Armor Plating Hacking Suite Trap Extractor (0/4) Assault Rifle Assault Rifle Grenade Launcher Grenade Launcher Datajack Plasma Cutter Peak State ------------ > --- POWER ------------ Light Ion Engine > --- PROPULSION ------- Light Treads Improved Treads > --- UTILITY ---------- High-capacity Storage Unit Trap Extractor > --- WEAPON ----------- Medium Laser Assault Rifle > --- INVENTORY -------- Light Ion Engine Light Treads Light Treads Improved Treads Improved Treads Improved Treads Improved Heat Sink EM Pulse Gun Assault Rifle Assault Rifle Assault Rifle Assault Rifle Datajack Plasma Cutter [Rating: 11] Favorites ----------- Power Light Ion Engine Engine Light Ion Engine Propulsion Light Treads Treads Light Treads Utility High-capacity Storage Unit Device Trap Extractor Storage High-capacity Storage Unit Protection Light Armor Plating Weapon Assault Rifle Energy Gun Medium Laser Ballistic Gun Assault Rifle Build | -11 -10 -10 ------- Run | Scr Mat Min Slots Evolved . | . . . Power . | . . . Propulsion . | . . . Utility . | . . . Weapon . | . . . Parts Attached 17 | 6 10 1 Power 3 | 1 2 . Engine 3 | 1 2 . Core . | . . . Reactor . | . . . Propulsion 5 | 2 3 . Treads 5 | 2 3 . Leg . | . . . Wheel . | . . . Hover . | . . . Flight . | . . . Utility 4 | 1 2 1 Device 1 | . 1 . Storage 2 | 1 1 . Processor . | . . . Hackware . | . . . Protection 1 | . . 1 Artifact . | . . . Weapon 5 | 2 3 . Energy Gun 1 | 1 . . Energy Cannon . | . . . Ballistic Gun 4 | 1 3 . Ballistic Cannon . | . . . Launcher . | . . . Special Weapon . | . . . Impact Weapon . | . . . Slashing Weapon . | . . . Piercing Weapon . | . . . Special Melee Weapon . | . . . Unidentified Prototypes . | . . . Parts Lost 5 | . 5 . Power 2 | . 2 . Propulsion 2 | . 2 . Utility . | . . . Weapon 1 | . 1 . Highest Loss Streak 5 | . 5 . To Critical Strikes . | . . . Average Slot Usage (%) 98 | . 97 100 Engine 13 | . 13 14 Treads 27 | . 27 28 Device 9 | . 12 5 Storage 14 | . 14 14 Protection 3 | . . 8 Energy Gun 2 | . 3 . Ballistic Gun 25 | . 24 28 Naked Turns . | . . . Heaviest Build 50 | 12 49 50 Greatest Support 43 | 40 43 43 Greatest Overweight (x) 3 | 3 1 1 Average Overweight (x) . | 1 . 1 Largest Inventory Capacity 20 | 8 20 20 Average Capacity 18 | 7 18 20 Most Carried 19 | 2 18 19 Average Carried 14 | 1 12 18 Final Capacity 20 | 8 20 20 Final Carried 19 | 2 18 19 Class Distribution -------------------- 100% | Mutant Dominant Class ---------------- Mutant | -10/Materials Mutant | -10/Mines Resources | -11 -10 -10 ----------- Run | Scr Mat Min Matter Collected 671 | 186 296 189 Remotely . | . . . Salvage Created 559 | . 408 151 Parts 34 | . 24 10 Haulers Intercepted 2 | . 2 . Recyclers Shooed 1 | . 1 . Parts Field Recycled . | . . . Retrieved Matter . | . . . Parts Self-Destructed . | . . . Prevented . | . . . Kills | -11 -10 -10 ------- Run | Scr Mat Min Combat Hostiles Destroyed 15 | . 7 8 Guns 15 | . 7 8 Classes Destroyed 5 | . 5 . Worker 2 | . 2 . Hauler 2 | . 2 . Operator 1 | . 1 . Swarmer 8 | . 2 6 Grunt 7 | . 5 2 Best Kill Streak 5 | . 5 3 Combat Bots Only 5 | . 5 3 Max Kills in Single Turn 1 | . 1 1 Gunslinging . | . . . Exploded . | . . . Melee . | . . . Uniques/NPCs Destroyed . | . . . Combat | -11 -10 -10 -------- Run | Scr Mat Min Damage Taken 1087 | . 808 279 Core 255 | . 185 70 Absorbed by Shields . | . . . Core Remaining (%) 100 | 100 . . Volleys Fired 64 | . 45 19 Largest 2 | . 2 2 Hottest 70 | . 70 40 Shots Fired 127 | . 89 38 Gun 127 | . 89 38 Cannon . | . . . Launcher . | . . . Special . | . . . Kinetic 107 | . 69 38 Thermal 20 | . 20 . Explosive . | . . . Electromagnetic . | . . . Robot Hit Streak 16 | . 12 16 Robot Miss Streak 4 | . 4 2 Penetration Max . | . . . Secondary Targets 5 | . 5 . Max Gunslinging Chain 1 | . 1 . Shots Hit Robots 83 | . 58 25 Core Hits 31 | . 22 9 Critical Kills . | . . . Critical Parts Destroyed 1 | . . 1 Critical Strikes 3 | . 2 1 Burn 2 | . 2 . Destroy 1 | . . 1 Melee Attacks . | . . . Impact . | . . . Slashing . | . . . Piercing . | . . . Sneak Attacks . | . . . Combat Hostiles . | . . . Follow-up Attacks . | . . . Damage Inflicted 1102 | . 761 341 Guns 1099 | . 761 338 Cannons . | . . . Explosions . | . . . Melee . | . . . Ramming 3 | . . 3 Kinetic 929 | . 591 338 Thermal 170 | . 170 . Explosive . | . . . Electromagnetic . | . . . Impact . | . . . Slashing . | . . . Piercing . | . . . Highest Corruption 2 | . 2 2 Average Corruption 1 | . 1 2 Corruption Purged . | . . . Corruption Blocked . | . . . Effects 22 | . 8 14 Message Errors 3 | . 2 1 Matter Fused 5 | . 1 4 Heat Flow Errors 4 | . 2 2 Energy Discharges 4 | . 1 3 Parts Rejected 2 | . 1 1 Data Loss (major) 1 | . . 1 Misfires 1 | . . 1 Alerts 1 | . . 1 Weapon Failures 1 | . 1 . Overload Shots . | . . . Overflow Damage . | . . . Projectiles . | . . . Explosions . | . . . Melee . | . . . Knockbacks . | . . . Impact . | . . . Kinetic . | . . . Secondary . | . . . Self-Inflicted Damage . | . . . Shots . | . . . Rammed 1 | . . 1 Targets Rammed 1 | . . 1 Kicked . | . . . Crushed . | . . . Highest Temperature 262 | . 262 259 Average Temperature 67 | . 62 86 Received Heat Transfer 273 | . 225 48 Effects 1 | . 1 . Energy Bleed 1 | . 1 . Siege Activations . | . . . Robots Corrupted . | . . . Combat Hostiles . | . . . Parts Fried . | . . . Impact Corruptions . | . . . Robots Melted . | . . . Combat Hostiles . | . . . Parts Melted 3 | . 3 . Heat Transferred 629 | . 629 . Parts Sabotaged . | . . . Parts Stolen . | . . . Parts Stripped . | . . . Power Chain Reactions . | . . . Missiles Intercepted . | . . . Alert | -11 -10 -10 ------- Run | Scr Mat Min Peak Influence 183 | . 183 83 Initial 13 | . . 13 Average 27 | . 25 31 Maximum Alert Level . | . . . Low Security (%) 100 | 100 100 100 Level 1 . | . . . Level 2 . | . . . Level 3 . | . . . Level 4 . | . . . Level 5 . | . . . High Security . | . . . Max Security . | . . . Squads Dispatched 1 | . 1 . Investigation . | . . . Extermination . | . . . Reinforcement 1 | . 1 . Assault . | . . . Garrison . | . . . Intercept . | . . . Searches Triggered . | . . . Construction Impeded . | . . . Haulers Reinforced . | . . . Active Scanning Responses . | . . . Cargo Convoy Interrupts . | . . . Stealth | -11 -10 -10 --------- Run | Scr Mat Min Distress Signals 1 | . 1 . Communications Jammed . | . . . Distress Signals . | . . . Times Spotted 38 | . 29 9 Peak Tracking Total 7 | . 7 3 Tactical Retreats . | . . . Traps | -11 -10 -10 ------- Run | Scr Mat Min Traps Triggered 2 | . 2 . Indirectly . | . . . Trap Hack Attempts . | . . . Triggered . | . . . Disarmed . | . . . Reprogrammed . | . . . Reused . | . . . Traps Extracted . | . . . Installed . | . . . Triggered . | . . . Machines | -11 -10 -10 ---------- Run | Scr Mat Min Machines Disabled 1 | . 1 . Max in Single Turn 1 | . 1 . Machines Sabotaged . | . . . Garrisons Compromised . | . . . Overloaded Fab Kills . | . . . Hacking | -11 -10 -10 --------- Run | Scr Mat Min Machines Accessed 3 | . 3 . Terminals 3 | . 3 . Fabricators . | . . . Repair Stations . | . . . Recycling Units . | . . . Scanalyzers . | . . . Garrison Access . | . . . Total Hacks 6 | . 6 . Successful 3 | . 3 . Failed 3 | . 3 . Catastrophic . | . . . Database Lockouts . | . . . Manual 4 | . 4 . Terminals 6 | . 6 . Fabricators . | . . . Repair Stations . | . . . Recycling Units . | . . . Scanalyzers . | . . . Garrison Access . | . . . Terminal Hacks 3 | . 3 . Robot Analysis 2 | . 2 . Zone Layout 1 | . 1 . Fabricator Hacks . | . . . Repair Station Hacks . | . . . Recycling Unit Hacks . | . . . Scanalyzer . | . . . Garrison Access Hacks . | . . . Unauthorized Hacks . | . . . Terminals . | . . . Fabricators . | . . . Repair Stations . | . . . Recycling Units . | . . . Scanalyzers . | . . . Garrison Access . | . . . Data Cores Recovered . | . . . Used . | . . . Hacking Detections 2 | . 2 . Full Trace Events . | . . . Feedback Events . | . . . Feedback Blocked . | . . . Robot Schematics Acquired . | . . . Robots Built . | . . . Authchips . | . . . Time . | . . . Total Robot Build Rating . | . . . Part Schematics Acquired . | . . . Parts Built . | . . . Authchips . | . . . Time . | . . . Total Part Build Rating . | . . . Parts Repaired . | . . . Time . | . . . Parts Recycled . | . . . Recycled Matter . | . . . Retrieved Matter . | . . . Retrieved Components . | . . . Parts Scanalyzed . | . . . Part Schematics Acquired . | . . . Parts Damaged . | . . . Bothacking | -11 -10 -10 ------------ Run | Scr Mat Min Used RIF Installer . | . . . Robots Hacked . | . . . Non-combat . | . . . Combat . | . . . Robot Hacks Applied . | . . . Relay Couplers Released . | . . . Fabnet Peak Effective % . | . . . Robots Rewired . | . . . Allies Hacked . | . . . Hacks Repelled . | . . . Allies | -11 -10 -10 -------- Run | Scr Mat Min Total Allies . | . . . Largest Group . | . . . Highest-Rated Group . | . . . Highest-Rated Ally . | . . . Total Orders . | . . . Ally Attacks . | . . . Total Damage . | . . . Kills . | . . . Allies Corrupted . | . . . Allies Melted . | . . . Intel | -11 -10 -10 ------- Run | Scr Mat Min Robot Analysis Total 2 | . 2 . Derelict Logs Recovered . | . . . Drone Launches . | . . . Drone Recoveries . | . . . Exploration | -11 -10 -10 ------------- Run | Scr Mat Min Turns Passed 2524 | 74 1420 1030 Spaces Moved 883 | 41 552 290 Core 22 | 22 . . Treads 861 | 19 552 290 Legs . | . . . Wheels . | . . . Hover . | . . . Flight . | . . . Fastest Speed 50 | 50 160 240 Average Speed 227 | 157 226 240 Slowest Speed 240 | 200 240 240 Overloaded Moves . | . . . Propulsion Burnouts . | . . . Robots Hopped . | . . . Cave-ins Triggered . | . . . Exploration Rate (%) 54 | 4 85 75 Regions Visited 2 Branch Regions 1 Pre-discovered Areas . | . . . Known Exits Taken . | . . . Unknown Exits Taken 2 | 1 1 . Scrap Searched 1 | . . 1 Spaces Dug . | . . . Terrain Destroyed . | . . . Melee . | . . . Projectile . | . . . AOE . | . . . Terrain Rammed . | . . . Walls Destroyed . | . . . Machines Disabled . | . . . Actions | -11 -10 -10 --------- Run | Scr Mat Min Total 1269 | 48 634 587 Wait 275 | . . 275 Move 881 | 40 551 290 Hop . | . . . Pick Up 27 | 2 24 1 Fast Attach 8 | 6 2 . Attach 5 | . 5 . Detach . | . . . Swap 4 | . 3 1 Drop 4 | . 4 . Fire 64 | . 45 19 Melee . | . . . Ram . | . . . Kick . | . . . Crush 1 | . . 1 Escape Stasis . | . . . Rewire . | . . . Trap . | . . . Miscellaneous . | . . . Route ------- -11/Scrapyard -10/Materials (discovered 3 exits: [*Mat x2] / [*Min]) -10/Mines (discovered 1 exit: [*Mat]) History --------- Turn | Location | Event 13 | -11/Scrapyard | Discovered new exit (range 16) 75 | -11/Scrapyard | Entered Materials 141 | -10/Materials | Discovered new exit (range 16) 315 | -10/Materials | Build established: Mutant 448 | -10/Materials | Core integrity fell below 50% 487 | -10/Materials | Lost 5 parts (2p2n1w) 796 | -10/Materials | Discovered new exit (range 13) 1068 | -10/Materials | Discovered new exit (range 16) 1495 | -10/Materials | Entered Mines 1883 | -10/Mines | Discovered new exit (range 5) 1891 | -10/Mines | Core integrity fell below 20% 2199 | -10/Mines | Excavation squad dispatched 2199 | -10/Mines | A large section of the Mines collapsed 2449 | -10/Mines | Excavation squad dispatched 2525 | -10/Mines | Destroyed by G-34 Mercenary with Small Laser Last Messages --------------- 02304_ System corrupted: Heat flow error (+276). 02407_ System corrupted: Matter fused (-5). 02449_ ALERT: Derelict activity in mines confirmed. Dispatching additional escorted excavation squad. 02471_ U-05 Engineer lays Concrete. 02474_ G-34 Mercenary suffers critical hit (Destroy). 02474_ Destroyed Aluminum Leg. 02474_ T-07 Excavator is excavating. 02477_ G-34 Mercenary destroyed. 02477_ U-05 Engineer lays Concrete. 02481_ T-07 Excavator is excavating. 02482_ Acquired 28 matter. 02484_ U-05 Engineer lays Concrete. 02491_ T-07 Excavator is excavating. 02493_ U-05 Engineer lays Concrete. 02494_ T-07 Excavator is excavating. 02496_ U-05 Engineer lays Concrete. 02513_ G-34 Mercenary destroyed. 02515_ K-01 Serf collects debris. 02523_ System corrupted: Assault Rifle rejected. Map ----- +----------------------------------------------------+ | ????????????????????????#######?????????????? | | ????????????????????????# ####??????????? | | ????????????????????????# < [ =#??????????? | | ????????????????????????# ## #??????????? | | ????????????????????????# ##*#??????????? | | ????????????????????????# ## ######?????? | | ????????????????????????# ## ####### | | ????????????????????????############# | | ????????????????????????????????????######### | | ????????????????????????????????????????????? | | ????????????????????????????????????????????? | | ????????????????????????????????????????????# | | ????????????????????????????????????????????# | | ????????????????????????????????????????????# | | ????????????????????????????????????????????# | | ????????????????????????????????????????????? | | ????????????????????????????????????????????? | | ?????????????????????????????????#????####### | | ???????????????????????????????? ##???# | | ???????????########????????????# ##??# | | ??????????## ###???????## #??# #### | | ????? ### ##?######### #??# #??? | | ????# ! ### [% " # #??# #??? | | ?????# %[ " "= # #??# #?## | | ?????# g#### %##### ### ### | | ??????# k @#??# "#????# | | ??????# #?## ##????# ####### | | ??????# ### ##???####?????## | | ??????# # % ####??????????## | | ?????????## ##?????????## | | ??????????# # ##### ##????????# | | ????????? ?## #????# ##???????# | | ???????? ???###?????# ##?????## | | ??????? ????????????## #?????# | | ???????? ??????????????# #?????# | | ???????????????????????# ######## | | ???????????????????????## ### | | ????????????????????????## ### | | ????????????????????????## ##### | | ???????????????????????## ###???# | | ???????????????????????# ##?????##### | | ???????????????????????# #??????#### | | ???????????????????????## ##?????## | | ????????????????????????## ##??????# | | ????????????????????????## #??????# | | ??????????????????????### #??????# | | ??????????????????????# ##??????## | | ?????????????????????# ####????????#### | | ?????????????????????## ##??????????????## | | ??????????????????????###?????????????????# | +----------------------------------------------------+ Best States ------------- Heat Dissipation 25 Energy Generation 10 Energy Capacity 125 Matter Stores 300 Matter Capacity 300 Sight Range 16 Terrain Scan Density 10 Armor Coverage 150 Evasion (%) 40 Recoil Reduction 2 Item Schematics ----------------- None Robot Schematics ------------------ None Fabricated ------------ Nothing Alien Tech Used ----------------- None Achievements -------------- None Challenges ------------ None Game ------ Seed SlugSigixSword Manual? 0 Play Time 00:09:20 Cumulative 363.9 hours Start 2022.04.28 @ 13:58:25 End 2022.04.28 @ 14:07:08 Sessions 1 Manual Loads 0 Difficulty Rogue Special Mode None Game No. 521 Rogue 521 Adventurer 0 Explorer 0 Win Type - Total 6 Types 4/0/1/1/0/0/0/0/0 Lore% 83 Gallery% 85 Achievement% 66 Wizard Run 0 Options --------- ASCII 0 Keyboard 1 Movement Numpad Keybinds 0 Fullscreen 2 Font 24/Smallcaps Map View 76x50 Tactical HUD 1 Map Filters NONE Filters NONE Steam 1 RUN: a56e48cd-f7ce-4a08-b8c3-69d376902b29